 Dungeon Crawl Stone Soup version 0.19.5 (webtiles) character file.

625545 Jerry the Maledictor (level 27, 0/207 HPs)
             Began as a Vampire Enchanter on Apr 5, 2017.
             Was a High Priest of Dithmenos.
             Killed from afar by a war gargoyle (13 damage)
             ... with a spray of metal splinters
             ... on level 5 of the Vaults on Apr 7, 2017.
             The game lasted 11:59:57 (99996 turns).

Jerry the Maledictor (Vampire Enchanter)           Turns: 99996, Time: 11:59:58

Health: 0/207      AC: 25    Str: 23    XL:     27
Magic:  37/39      EV: 27    Int: 24    God:    Dithmenos [*****.]
Gold:   3410       SH: 12    Dex: 24    Spells: 14 memorised, 5 levels left

rFire  + + +     SeeInvis +     d - +2 demon blade (elec)
rCold  + + +     Gourm    .     p - +3 scale mail of Wasted Space {rElec rF++ rCorr}
rNeg   + + +     Faith    .     z - +2 buckler {rF+}
rPois  ∞         Spirit   .     b - +2 hat
rElec  +         Reflect  .     P - +2 cloak
rCorr  +         Harm     .     W - +2 pair of gloves of Chill Winds {*Contam Str+5 Dex+5}
MR     +++..                    w - +2 pair of boots {run}
Stlth  ++++++++++               v - amulet of regeneration
                                S - ring "Yttucor" {MR+ EV+2 Int+2}
                                n - ring of protection from cold

@: mighty, very slightly contaminated, bloodless, non-regenerating, hasted,
wreathed by umbra, invisible, very quick
A: fangs 3, large bone plates 1, see invisible, low mp 1, strong 1, unbreathing
a: Bat Form, Shadow Step, Shadow Form, Renounce Religion
}: 2/15 runes: serpentine, barnacled


You were on level 5 of the Vaults.
You worshipped Dithmenos.
Dithmenos was extremely pleased with you.
You were bloodless.

You visited 11 branches of the dungeon, and saw 53 of its levels.
You also visited: Bailey and Wizlab.

You collected 7250 gold pieces.
You spent 3840 gold pieces at shops.

Inventory:

Hand Weapons
 d - a +2 demon blade of electrocution (weapon)
 C - the +7 sceptre of Torment
   (You found it on level 3 of the Crypt)
 U - a +4 rapier of speed
Armour
 b - a +2 hat (worn)
 p - the +3 scale mail of Wasted Space (worn) {rElec rF++ rCorr}
   (You took it off a deep elf high priest on level 3 of the Elven Halls)

   It greatly protects you from fire.
   It insulates you from electricity.
   It protects you from acid and corrosion.
 w - a +2 pair of boots of running (worn)
 z - a +2 buckler of fire resistance (worn)
 P - a +2 cloak (worn)
 W - the +2 pair of gloves of Chill Winds (worn) {*Contam Str+5 Dex+5}
   (You found it on level 4 of the Shoals)

   It affects your strength (+5).
   It affects your dexterity (+5).
   It causes magical contamination when unequipped.
Magical Staves
 A - an uncursed staff of conjuration
Jewellery
 n - a ring of protection from cold (left hand)
 v - an amulet of regeneration (around neck)
 S - the ring "Yttucor" (right hand) {MR+ EV+2 Int+2}
   (You bought it in a shop on level 2 of the Snake Pit)

   [ring of evasion]

   It affects your evasion (+2).
   It affects your intelligence (+2).
   It affects your resistance to hostile enchantments.
 Z - the ring "Axemal" {+Fly rElec Dex+5 Slay+3}
   (You took it off a deep elf archer on level 3 of the Elven Halls)

   [ring of flight]

   It affects your dexterity (+5).
   It affects your accuracy and damage with ranged weapons and melee attacks
   (+3).
   It insulates you from electricity.
   It lets you fly.
Wands
 B - a wand of digging (13/24)
 M - a wand of disintegration (8/24)
Scrolls
 a - 15 scrolls of identify
 f - 9 scrolls of teleportation
 i - 4 scrolls of recharging
 j - 8 scrolls of vulnerability
 r - 8 scrolls of fog
 t - 8 scrolls of amnesia
 u - 21 scrolls of remove curse
 J - 4 scrolls of fear
 K - 6 scrolls of blinking
 V - 3 scrolls of magic mapping
 Y - a scroll of enchant armour
Potions
 e - 4 potions of ambrosia
 g - 3 potions of resistance
 h - 4 potions of blood
 m - 8 potions of magic
 q - 3 potions of invisibility
 x - 15 potions of curing
 F - 2 potions of haste
 I - a potion of brilliance
 L - a potion of cure mutation
 N - 7 potions of flight
 T - 4 potions of cancellation


   Skills:
 + Level 15.0 Fighting
 - Level 15.4(16.8) Short Blades
 - Level 11.0(14.0) Long Blades
 - Level 13.0 Armour
 + Level 16.6 Dodging
 + Level 22.7 Stealth
 - Level 4.0 Shields
 - Level 16.7 Spellcasting
 - Level 9.5 Conjurations
 + Level 25.6 Hexes
 - Level 2.5 Translocations
 - Level 8.4 Ice Magic
 - Level 13.1 Invocations


You had 5 spell levels left.
You knew the following spells:

 Your Spells              Type           Power        Failure   Level  Hunger
a - Repel Missiles        Chrm/Air       ###...       10%         2    None
b - Ensorcelled Hibernat  Hex/Ice        ######       0%          2    None
c - Confuse               Hex            #######.     0%          3    None
d - Tukima's Dance        Hex            #######.     0%          3    None
e - Blink                 Tloc           N/A          2%          2    None
f - Discord               Hex            #######...   1%          8    #######
g - Fulminant Prism       Conj/Hex       #######...   1%          4    None
h - Invisibility          Hex            #######.     1%          6    ####...
i - Apportation           Tloc           ####......   1%          1    None
j - Yara's Violent Unrav  Hex/Tmut       ######....   1%          5    None
l - Leda's Liquefaction   Hex/Erth       ######....   1%          4    None
n - Spectral Weapon       Hex/Chrm       ######..     1%          3    None
o - Bolt of Cold          Conj/Ice       ######....   21%         6    ####...
p - Silence               Hex/Air        ######....   1%          5    None


Dungeon Overview and Level Annotations

Branches:
Dungeon (15/15)            Temple (1/1) D:5            Lair (6/6) D:11
 Shoals (4/4) Lair:2        Snake (4/4) Lair:4        Slime (5/5) Lair:6
    Orc (2/2) D:9             Elf (3/3) Orc:2        Vaults (5/5) D:13
  Crypt (3/3) Vaults:3       Tomb (0/3) Crypt:3      Depths (5/5) D:15
    Zot (0/5) Depths:5

Altars:
Ashenzari
Cheibriados
Dithmenos
Elyvilon
Fedhas
Gozag
Hepliaklqana
Kikubaaqudgha
Makhleb
Nemelex Xobeh
Okawaru
Qazlal
Ru
Sif Muna
Trog
Uskayaw
Vehumet
Xom
Yredelemnul
Zin
The Shining One
Beogh
Jiyva

Shops:
D:9 [   D:10 !   D:11 [   D:15 *   Orc:2 (?*[   Snake:2 *   Snake:3 ::[[
Vaults:1 (   Vaults:2 }   Vaults:3 %   Vaults:4 [

Portals:
Hell: Depths:1 Depths:2 Depths:3 Depths:4 Depths:5
Abyss: Depths:2 Depths:4
Pandemonium: Depths:1 Depths:3 Depths:4
Ziggurat: Depths:3

Annotations:
Slime:5 Royal Jelly


Innate Abilities, Weirdness & Mutations

You do not heal naturally.
You are immune to poison.
You have razor-sharp teeth.
You have supernaturally acute eyesight. (SInv)
You can survive without breathing.
You are partially covered in large bone plates. (SH +4)
Your magical capacity is low. (-10% MP)
Your muscles are strong. (Str +2)


Message History

The yaktaur captain shoots a bolt.
The bolt hits you!!
* * * LOW HITPOINT WARNING * * *
Okay, then.
You fade into invisibility!
You block the war gargoyle's attack.
You are very lightly contaminated with residual magic.
Okay, then.
The war gargoyle launches metal splinters at you.
The spray of metal splinters misses you.
The yaktaur captain shoots a bolt.
The bolt barely misses the deep troll.
The bolt hits you.
* * * LOW HITPOINT WARNING * * *
You see here a bolt.
The yaktaur captain shoots a bolt.
The bolt hits the deep troll!!
You feel yourself speed up. You block the deep troll's attack. x2
The deep troll claws you but does no damage.
The war gargoyle completely misses you.
The war gargoyle launches metal splinters at you.
The spray of metal splinters hits you!
You die...

##############....#
.,,,,,,,,,......$.#
,,,,,,,,*9.....#..#
,,,,,,,*,......#..#
.,,,,,,,,......#..#
c,,,,,,,,C.....#..#
.,,,,,,,,..D#.,#..#
#,,,,,,,,,,*,,,#..#
C,,,,,,,,,,,,,,#@.#
,,,,,,,,,,,,,,,#..#
,,,,,,,,,,,,,,,#9T#
,,,,,,,*,,,,,*,#..#
,,,,,,*,..,.#..#(.#
,,,,,*,,.......#c(#
,,,,*,,,.....#.#)(#
,,,*,,,,....#..#C.#
,,,,,,,,...#...#C.#


You could see a frost giant, a yaktaur captain (wandering), a deep troll and a
war gargoyle.

Vanquished Creatures
  3 juggernauts (Depths:3)
  Sojobo (Depths:3)
  Frederick (Depths:3)
  A curse toe (Crypt:3)
  2 caustic shrikes
  Nikola (Depths:3)
  3 golden dragons
  A profane servitor (Crypt:3)
  Jory (Crypt:1)
  3 liches
  A tentacled monstrosity (Depths:5)
  2 deep elf master archers (Elf:3)
  3 sphinxes
  6 ancient champions
  3 deep elf blademasters
  14 acid blobs
  A kraken (Shoals:4)
  Gastronok (Orc:1)
  8 storm dragons
  Kirke (D:15)
  6 tengu reavers
  Donald (Vaults:1)
  The ghost of yann the Executioner, an adept MiBe of Trog (Elf:1)
  The ghost of Strunz the Tortoise, an adept HaAr of the Shining One (Shoals:1)
  10 nagarajas
  7 azure jellies
  2 shadow dragons
  10 fire giants
  7 deep elf sorcerers
  10 frost giants
  13 vault wardens
  2 iron dragons
  Aizul (Snake:3)
  A juggernaut zombie (Depths:4)
  The ghost of sinus the Severer, a journeyman MiBe of Trog (Snake:2)
  A curse skull (Crypt:1)
  3 orc warlords
  The ghost of Turtleman12345 the Severer, a journeyman MiFi of the Shining One (Shoals:2)
  A draconian shifter (Depths:5)
  A draconian scorcher (Depths:5)
  6 spriggan defenders
  14 ironheart preservers
  5 ghouls
  A war gargoyle (Vaults:1)
  6 deep elf elementalists (Elf:3)
  20 stone giants
  An entropy weaver (Vaults:3)
  The ghost of blueshrew the Severer, a journeyman MiFi of Trog (Lair:6)
  26 very ugly things
  7 deep elf demonologists
  6 vampire knights
  A purple draconian (Depths:5)
  7 deep elf annihilators
  A white draconian (Depths:5)
  A black draconian (Depths:5)
  Azrael (D:13)
  A yellow draconian (Depths:5)
  7 spark wasps
  An orange crystal statue (WizLab)
  A spark wasp (shapeshifter) (Vaults:5)
  2 mottled draconians (Depths:5)
  10 merfolk javelineers
  The ghost of patcoet the Severer, a journeyman HOFi of Uskayaw (Orc:2)
  12 deep elf death magi
  17 ettins
  6 fire dragons
  4 eidola
  2 mummy priests (Crypt:3)
  9 merfolk impalers
  Snorg (D:14)
  A green death (Depths:4)
  9 death oozes (Slime:4)
  Josephine (D:14)
  A quicksilver dragon zombie (Depths:4)
  22 ogre magi
  8 ice dragons
  2 deep elf high priests (Elf:3)
  10 great orbs of eyes
  21 jiangshi
  16 yaktaur captains
  A monstrous demonspawn (Depths:4)
  5 rakshasas
  2 catoblepae
  5 hydras
  4 merfolk aquamancers
  23 naga warriors
  12 vault guards
  13 anacondas
  9 spriggan air magi
  8 centaur warriors
  An alligator snapping turtle (Shoals:1)
  3 merfolk avatars
  26 dancing weapons
  2 ghost crabs (shapeshifter)
  The ghost of ShornTheSheep the Basher, a journeyman GrBe of Trog (D:10)
  7 death knights
  7 death yaks
  6 satyrs
  7 deep troll shamans
  12 deep troll earth magi
  An orc high priest (Depths:1)
  A hell hog (shapeshifter) (Depths:5)
  6 tengu warriors
  24 naga sharpshooters
  7 shock serpents
  2 small abominations
  10 spriggan berserkers
  A hell hog (Depths:2)
  8 vampire magi
  Nergalle (Lair:4)
  2 titan skeletons
  22 deep elf knights
  5 shadow wraiths
  4 hell knights
  6 salamander mystics
  A sixfirhy (D:14)
  A storm dragon skeleton (Depths:4)
  A spark wasp zombie (Depths:4)
  2 iron trolls
  19 skeletal warriors
  11 flayed ghosts
  13 sea snakes
  A golden dragon zombie (Crypt:3)
  22 deep trolls
  2 glowing orange brains
  3 unseen horrors
  A lindwurm (Lair:4)
  18 deep elf archers
  21 ironbrand convokers
  6 wizards
  A swamp dragon (shapeshifter) (Vaults:2)
  6 necromancers
  Pikel (D:5)
  6 hill giants
  2 large abominations (D:14)
  8 phantasmal warriors
  A golden dragon skeleton (Crypt:3)
  An obsidian statue (D:15)
  A harpy (shapeshifter) (D:13)
  3 harpies (Shoals:3)
  6 naga ritualists
  A wolf spider zombie (D:12)
  A shadow dragon skeleton (Depths:4)
  4 wolf spiders
  79 deep elf magi
  16 mana vipers
  A wolf spider (shapeshifter) (Vaults:1)
  21 orc knights
  4 oklob plants
  16 manticores
  17 fauns
  9 orc sorcerers
  A fire giant zombie (Depths:4)
  A faun (shapeshifter) (Vaults:1)
  19 salamanders
  60 ugly things
  6 shining eyes
  A dire elephant zombie (Crypt:2)
  13 elephants
  10 cyclopes
  A moth of wrath (shapeshifter) (Elf:3)
  4 guardian serpents
  3 centaur zombies
  A shock serpent zombie (Crypt:3)
  10 sirens
  34 naga magi
  A frost giant skeleton (Crypt:3)
  A hell hog skeleton (Crypt:1)
  35 black mambas
  5 spectral swamp worms
  16 vault sentinels
  3 water nymphs
  A fire giant skeleton (Crypt:3)
  A rust devil (D:14)
  13 spiny frogs
  A torpor snail (Lair:6)
  3 orange demons
  3 rime drakes
  An efreet (D:12)
  2 spriggan skeletons
  12 komodo dragons
  62 yaktaurs
  An iron troll zombie (Crypt:2)
  2 elf skeletons
  16 freezing wraiths
  A hellwing (Depths:4)
  5 guardian mummies (Crypt:3)
  5 tengu conjurers
  A queen bee (Lair:1)
  A harpy zombie (Crypt:1)
  A sea snake skeleton (Crypt:2)
  A white draconian skeleton (Crypt:3)
  7 trolls
  A red devil (D:14)
  A hornet (shapeshifter) (Depths:2)
  5 wind drakes
  3 wind drakes (shapeshifter)
  Grinder (D:3)
  A hydra skeleton (Crypt:3)
  2 merfolk (shapeshifter)
  32 merfolk
  4 polar bears
  30 two-headed ogres
  A death drake skeleton (Crypt:1)
  63 slime creatures
  8 hornets
  2 bog bodies
  18 dream sheep
  12 blink frogs
  An iron dragon simulacrum (Crypt:1)
  14 hippogriffs
  11 snapping turtles
  A jumping spider zombie (Crypt:3)
  A redback (shapeshifter) (Depths:5)
  An ettin skeleton (Crypt:3)
  9 air elementals
  8 flying skulls (Crypt:2)
  A shadow (Crypt:2)
  A redback (Vaults:3)
  A vampire (D:13)
  3 spriggans (Depths:5)
  13 wraiths
  A yak (shapeshifter) (Vaults:2)
  An ice dragon skeleton (Crypt:3)
  20 water elementals
  3 wyverns
  4 basilisks
  A hog (D:15)
  A human (shapeshifter) (Vaults:1)
  2 basilisks (shapeshifter)
  A hill giant zombie (Crypt:2)
  61 yaks
  19 humans (D:13)
  An ushabti (Crypt:3)
  A chaos spawn (D:14)
  An emperor scorpion simulacrum (Crypt:3)
  7 fire elementals
  2 gelid demonspawn zombies
  A soldier ant (D:4)
  A warg (shapeshifter) (Depths:2)
  8 wargs
  59 nagas
  4 vampire mosquitoes (D:14)
  11 porcupines
  25 water moccasins
  3 floating eyes
  2 hell hounds (D:13)
  74 orc warriors
  A spiny frog skeleton (Crypt:3)
  An eye of draining (shapeshifter) (Vaults:1)
  7 sky beasts
  3 black bears
  An eye of draining (Slime:5)
  A phantom (D:7)
  A slave (D:5)
  A swamp drake (D:10)
  4 ice beasts
  An ogre (shapeshifter) (Depths:2)
  12 boggarts
  15 wolves
  70 ogres
  2 necrophages
  26 centaurs
  A dream sheep skeleton (Crypt:3)
  19 crocodiles
  5 big kobolds
  A yaktaur zombie (Crypt:2)
  15 bullfrogs
  Blork the orc (D:5)
  A wyvern zombie (D:3)
  5 earth elementals
  A wyvern skeleton (D:13)
  4 scorpions
  A water moccasin skeleton (D:10)
  34 killer bees
  15 wights
  2 howler monkeys (D:7)
  A wolf zombie (Crypt:3)
  9 crimson imps
  9 hounds
  22 orc priests
  A black bear zombie (Crypt:2)
  7 jellies
  4 quasits
  4 bullfrog zombies
  3 iron imps
  A basilisk skeleton (Crypt:1)
  3 bullfrog skeletons
  5 iguanas
  22 orc wizards
  Natasha (twice) (D:3)
  12 worker ants
  2 porcupine skeletons (Crypt:1)
  A killer bee zombie (D:10)
  A mottled dragon zombie (Crypt:3)
  A naga skeleton (Crypt:3)
  A hound zombie (D:10)
  A mottled dragon skeleton (Crypt:1)
  3 hound skeletons
  12 mummies (Crypt:3)
  A howler monkey zombie (D:7)
  2 worker ant zombies
  A hell rat skeleton (Crypt:1)
  14 adders
  4 gnolls (D:7)
  A howler monkey skeleton (D:9)
  4 shadow imps
  2 white imps
  2 ufetubi (D:14)
  6 oozes
  2 adder skeletons
  An adder zombie (D:9)
  7 dart slugs
  10 leopard geckos
  122 orcs
  6 bats
  9 giant cockroaches
  13 goblins
  3 hobgoblins
  4 jackals (D:9)
  A jackal (shapeshifter) (Depths:4)
  3 quokkas
  3 ball pythons
  3 frilled lizards
  A hobgoblin skeleton (Crypt:3)
  38 kobolds
  An orc zombie (Crypt:2)
  A quokka skeleton (D:5)
  16 rats
  A rat skeleton (Crypt:3)
  5 crawling corpses
  9 plants
2589 creatures vanquished.

Vanquished Creatures (collateral kills)
  Asterion (Snake:1)
  A frost giant (Depths:5)
  2 ironheart preservers
  A deep elf annihilator (Vaults:5)
  A yaktaur captain (Vaults:5)
  16 vault guards (Vaults:5)
  2 deep troll shamans (Depths:5)
  A deep troll earth mage (Depths:5)
  A deep elf knight (Elf:2)
  An iron troll (Depths:5)
  A deep troll (Depths:5)
  A phantasmal warrior (Vaults:5)
  A deep elf mage (Vaults:5)
  2 merfolk (Shoals:1)
  A sky beast (D:6)
33 creatures vanquished.

Vanquished Creatures (others)
  Ilsuiw (Shoals:4)
  A merfolk javelineer (Shoals:4)
  7 vault guards (Vaults:5)
  A merfolk aquamancer (Shoals:4)
  A shadow wraith (Vaults:5)
  A deep elf archer (Vaults:1)
  A water nymph (Shoals:1)
  A water elemental (Shoals:4)
  A human (D:15)
  A naga (Snake:4)
  A slave (D:5)
  A sky beast (D:5)
  2 boggarts
  A bush (Lair:6)
  189 fulminant prisms
  11 fungi
  102 plants
  9 spectral weapons
  9 tentacles (Shoals:4)
341 creatures vanquished.

Grand Total: 2963 creatures vanquished

Notes
Turn   | Place    | Note
-------+----------+-------------------------------------------
     0 | D:1      | Jerry the Vampire Enchanter began the quest for the Orb.
     0 | D:1      | Reached XP level 1. HP: 13/13 MP: 3/3
   145 | D:1      | Reached XP level 2. HP: 12/19 MP: 1/5
   190 | D:1      | Learned a level 2 spell: Ensorcelled Hibernation
   796 | D:1      | Reached skill level 5 in Hexes
  1125 | D:1      | Reached XP level 3. HP: 23/24 MP: 6/6
  1177 | D:2      | Reached skill level 5 in Stealth
  1571 | D:2      | Reached XP level 4. HP: 10/30 MP: 1/7
  2100 | D:2      | Found a shattered altar of Ashenzari.
  2762 | D:2      | Learned a level 3 spell: Confuse
  2775 | D:2      | Reached skill level 6 in Hexes
  2775 | D:2      | Reached XP level 5. HP: 28/35 MP: 3/9
  3297 | D:3      | Noticed Natasha
  3304 | D:3      | Killed Natasha
  3427 | D:3      | Noticed Natasha
  3433 | D:3      | Killed Natasha
  3656 | D:3      | Noticed Grinder
  3670 | D:3      | Killed Grinder
  3670 | D:3      | Reached skill level 7 in Hexes
  3670 | D:3      | Reached XP level 6. HP: 41/41 MP: 0/11
  4159 | D:4      | Reached XP level 7. HP: 46/46 MP: 12/12
  4511 | D:4      | Learned a level 3 spell: Tukima's Dance
  4644 | D:5      | Entered Level 5 of the Dungeon
  4645 | D:5      | Reached skill level 8 in Hexes
  4650 | D:5      | Noticed Blork the orc
  4655 | D:5      | Killed Blork the orc
  4726 | D:5      | Found a staircase to the Ecumenical Temple.
  4732 | Temple   | Entered the Ecumenical Temple
  4948 | D:5      | Noticed Pikel
  5056 | D:5      | Reached skill level 9 in Hexes
  5215 | D:5      | Killed Pikel
  5215 | D:5      | Reached skill level 10 in Hexes
  5215 | D:5      | Reached XP level 8. HP: 52/52 MP: 9/14
  5346 | D:5      | Found a runed door.
  5359 | D:5      | Found a runed door.
  5561 | D:5      | Reached skill level 5 in Short Blades
  5884 | D:5      | Reached skill level 5 in Spellcasting
  6279 | D:6      | Found an iron altar of Okawaru.
  6287 | D:6      | Found a sparkling altar of Nemelex Xobeh.
  6450 | D:6      | Reached XP level 9. HP: 57/57 MP: 9/16
  7070 | D:7      | Reached skill level 11 in Hexes
  7152 | D:7      | Reached skill level 10 in Stealth
  7290 | D:7      | Found a flagged portal.
  7311 | Bailey   | Entered a bailey
  8530 | D:6      | Found a shimmering altar of Xom.
  8689 | D:7      | Found a burning altar of Makhleb.
  8753 | D:7      | Found a shadowy altar of Dithmenos.
  8783 | D:7      | Became a worshipper of Dithmenos the Shadowed
  8853 | D:7      | Reached skill level 12 in Hexes
  9590 | D:6      | Reached skill level 1 in Invocations
  9590 | D:6      | Reached XP level 10. HP: 29/63 MP: 15/19
 11594 | D:8      | Reached * piety under Dithmenos
 12780 | D:9      | Found a staircase to the Orcish Mines.
 12881 | D:9      | Found a radiant altar of Vehumet.
 12990 | D:9      | Got a crude ring mail
 12991 | D:9      | Identified the +5 ring mail of the Griffon {Regen+} (You found it on level 9 of the Dungeon)
 13212 | D:9      | Found Qewec Neg's Armour Emporium.
 13227 | D:9      | Reached ** piety under Dithmenos
 13395 | D:9      | Reached skill level 1 in Armour
 13489 | D:8      | Reached skill level 13 in Hexes
 13772 | D:10     | Entered Level 10 of the Dungeon
 13853 | D:10     | Noticed ShornTheSheep's ghost (journeyman GrBe)
 14038 | D:10     | Noticed a deep elf mage
 14047 | D:10     | Killed a deep elf mage
 14047 | D:10     | Reached XP level 11. HP: 68/68 MP: 11/22
 14084 | D:10     | Noticed a deep elf mage
 14105 | D:10     | Killed a deep elf mage
 14114 | D:10     | Learned a level 2 spell: Repel Missiles
 14117 | D:10     | Learned a level 2 spell: Blink
 14120 | D:10     | Learned a level 2 spell: Slow
 14144 | D:10     | Found Kigufo's Distillery.
 14161 | D:10     | Bought a potion of flight for 48 gold pieces
 14161 | D:10     | Bought a potion of degeneration for 16 gold pieces
 14161 | D:10     | Bought a potion of agility for 64 gold pieces
 14161 | D:10     | Bought a potion of haste for 160 gold pieces
 14161 | D:10     | Bought a potion of curing for 48 gold pieces
 14161 | D:10     | Bought a potion of might for 64 gold pieces
 14177 | D:10     | Reached *** piety under Dithmenos
 14916 | D:10     | Noticed an unseen horror
 14927 | D:10     | Killed an unseen horror
 15117 | D:10     | Learned a level 4 spell: Fulminant Prism
 15151 | D:10     | Gained mutation: You tend to lose your temper in combat. [mutagenic glow]
 15169 | D:11     | Noticed a cyan ugly thing
 15173 | D:11     | Noticed a hill giant
 15177 | D:11     | Killed a cyan ugly thing
 15188 | D:11     | Killed a hill giant
 15252 | D:11     | Noticed an unseen horror
 15274 | D:11     | Killed an unseen horror
 15408 | D:11     | Found a staircase to the Lair.
 15416 | D:11     | Found Buihupt's Armour Shoppe.
 15465 | D:11     | Noticed a purple ugly thing
 15499 | D:11     | Killed a purple ugly thing
 16010 | D:12     | Reached **** piety under Dithmenos
 16536 | D:12     | Reached skill level 5 in Invocations
 16551 | D:12     | Learned a level 6 spell: Invisibility
 16553 | D:12     | Learned a level 1 spell: Apportation
 16725 | D:12     | Reached skill level 14 in Hexes
 17041 | D:12     | Reached XP level 12. HP: 70/74 MP: 21/24
 17560 | D:13     | Noticed Azrael
 17653 | Lair:1   | Entered Level 1 of the Lair of Beasts
 17818 | Lair:1   | Learned a level 3 spell: Summon Guardian Golem
 17822 | Lair:1   | Gained mutation: You are weak. (Str -2) [potion of mutation]
 17822 | Lair:1   | Gained mutation: Your flesh is heat resistant. (rF+) [potion of mutation]
 17822 | Lair:1   | Lost mutation: Your flesh is heat resistant. (rF+) [potion of mutation]
 17823 | Lair:1   | Gained mutation: You are agile. (Dex +2) [potion of beneficial mutation]
 17845 | Lair:1   | Reached skill level 10 in Short Blades
 18311 | Lair:1   | Reached ***** piety under Dithmenos
 19233 | Lair:2   | Found a staircase to the Shoals.
 19533 | Lair:2   | Reached skill level 5 in Armour
 19557 | Lair:2   | Reached skill level 15 in Hexes
 20739 | Lair:3   | Lost mutation: You tend to lose your temper in combat. [potion of cure mutation]
 20739 | Lair:3   | Lost mutation: You are weak. (Str -2) [potion of cure mutation]
 20739 | Lair:3   | Lost mutation: You are agile. (Dex +2) [potion of cure mutation]
 21152 | Lair:3   | Reached skill level 5 in Dodging
 21152 | Lair:3   | Reached XP level 13. HP: 79/79 MP: 22/25
 21163 | Lair:4   | Noticed Nergalle
 21168 | Lair:4   | Killed Nergalle
 21282 | Lair:4   | Reached skill level 1 in Fighting
 21815 | Lair:4   | Reached skill level 16 in Hexes
 21925 | Lair:4   | Found a staircase to the Snake Pit.
 23001 | Lair:5   | Reached ****** piety under Dithmenos
 23623 | Lair:6   | Entered Level 6 of the Lair of Beasts
 24353 | Lair:6   | Found a staircase to the Slime Pits.
 24948 | Lair:6   | Reached skill level 17 in Hexes
 25134 | Lair:6   | Reached XP level 14. HP: 96/96 MP: 26/26
 25135 | Lair:6   | Reached skill level 5 in Fighting
 25482 | Lair:6   | Noticed blueshrew's ghost (journeyman MiFi)
 25503 | Lair:6   | Killed blueshrew's ghost
 26191 | Lair:6   | Got a crude marble ring
 26203 | Lair:6   | Identified the ring of Eguosoj {rCorr MP+9 Str+2 Dex+5} (You found it on level 6 of the Lair of Beasts)
 26436 | Orc:1    | Entered Level 1 of the Orcish Mines
 26811 | Orc:1    | Found a bloodstained altar of Trog.
 26813 | Orc:1    | Noticed Gastronok
 26818 | Orc:1    | Noticed a stone giant
 26856 | Orc:1    | Killed Gastronok
 26950 | Orc:1    | Noticed an orc warlord
 26968 | D:9      | Killed a stone giant
 26968 | D:9      | Reached skill level 18 in Hexes
 27242 | D:9      | Killed an orc warlord
 27729 | Orc:1    | Noticed an orc warlord
 27816 | D:9      | Killed an orc warlord
 27816 | D:9      | Reached skill level 10 in Dodging
 28404 | Orc:2    | Entered Level 2 of the Orcish Mines
 28404 | Orc:2    | Found a staircase to the Elven Halls.
 28406 | Orc:2    | Noticed patcoet's ghost (journeyman HOFi)
 28492 | Orc:2    | Killed patcoet's ghost
 28492 | Orc:2    | Reached skill level 15 in Stealth
 28838 | Orc:2    | Found a roughly hewn altar of Beogh.
 29726 | Orc:2    | Found Ximmias's Magic Scroll Shoppe.
 29726 | Orc:2    | Found Ethe's General Store.
 29728 | Orc:2    | Found Bum Wausiule's Armour Shop.
 29730 | Orc:2    | Found Solotuemn's Antique Weapon Emporium.
 29954 | Orc:2    | Bought a scroll of enchant weapon for 75 gold pieces
 29954 | Orc:2    | Bought a scroll of enchant weapon for 75 gold pieces
 30098 | D:10     | Bought 2 potions of experience for 1600 gold pieces
 30100 | D:10     | Reached XP level 15. HP: 113/113 MP: 27/27
 30101 | D:10     | Reached XP level 16. HP: 120/120 MP: 28/28
 30128 | D:10     | Killed ShornTheSheep's ghost
 30128 | D:10     | Reached XP level 17. HP: 126/126 MP: 29/29
 30432 | D:13     | Killed Azrael
 30436 | D:13     | Reached skill level 19 in Hexes
 31424 | D:13     | Found a gate to the Vaults.
 31728 | D:14     | Noticed Snorg
 31887 | D:13     | Reached skill level 10 in Fighting
 32116 | D:14     | Noticed Josephine
 32134 | D:14     | Killed Snorg
 32142 | D:14     | Killed Josephine
 32618 | D:15     | Entered Level 15 of the Dungeon
 33181 | D:15     | Found Ojouhi's Assorted Antiques.
 33290 | D:15     | Found a staircase to the Depths.
 33526 | D:15     | Noticed Kirke
 33569 | D:15     | Killed Kirke
 34589 | Snake:1  | Entered Level 1 of the Snake Pit
 35181 | Snake:1  | Reached skill level 20 in Hexes
 36476 | Snake:1  | Reached skill level 10 in Spellcasting
 37365 | Snake:2  | Reached XP level 18. HP: 134/134 MP: 32/32
 37366 | Snake:2  | Noticed Asterion
 37416 | Snake:1  | Killed Asterion
 38181 | Snake:2  | Noticed sinus's ghost (journeyman MiBe)
 38195 | Snake:2  | Killed sinus's ghost
 38334 | Snake:2  | Found Losecsei's Assorted Antiques.
 38342 | Snake:2  | Bought a flickering brass ring for 145 gold pieces
 38342 | Snake:2  | Bought a pair of dazzling boots for 275 gold pieces
 38437 | Snake:2  | Identified the +1 pair of boots of the Fiend {+Inv Str+8 Stlth-} (You bought it in a shop on level 2 of the Snake Pit)
 38438 | Snake:2  | Identified the ring "Yttucor" {MR+ EV+2 Int+2} (You bought it in a shop on level 2 of the Snake Pit)
 39614 | Snake:3  | Noticed Aizul
 39616 | Snake:3  | Killed Aizul
 39688 | Snake:3  | Found Doisuirch's Armour Shoppe.
 39715 | Snake:3  | Found Jebops's Antique Armour Shoppe.
 39715 | Snake:3  | Found Ukurull's Book Emporium.
 39720 | Snake:3  | Found Saarutt's Book Emporium.
 41072 | Snake:4  | Entered Level 4 of the Snake Pit
 42106 | Snake:4  | Reached skill level 10 in Invocations
 43647 | Snake:4  | Reached XP level 19. HP: 140/140 MP: 21/34
 44849 | Snake:4  | Got a serpentine rune of Zot
 46611 | Shoals:1 | Entered Level 1 of the Shoals
 47044 | Shoals:1 | Noticed Strunz's ghost (adept HaAr)
 47525 | Shoals:1 | Killed Strunz's ghost
 49041 | Shoals:2 | Noticed Turtleman12345's ghost (journeyman MiFi)
 49054 | Shoals:2 | Killed Turtleman12345's ghost
 49317 | Shoals:2 | Reached skill level 1 in Conjurations
 49682 | Shoals:3 | Reached skill level 1 in Translocations
 50899 | Shoals:4 | Entered Level 4 of the Shoals
 50970 | Shoals:4 | Got a pair of jewelled gloves
 50986 | Shoals:4 | Identified the +2 pair of gloves of Chill Winds {*Contam Str+5 Dex+5} (You found it on level 4 of the Shoals)
 51199 | Shoals:4 | Reached skill level 21 in Hexes
 51380 | Shoals:4 | Reached XP level 20. HP: 124/147 MP: 12/36
 52270 | Shoals:4 | Noticed Ilsuiw
 52951 | Shoals:4 | Killed Ilsuiw
 53751 | Shoals:4 | Got a barnacled rune of Zot
 53831 | Lair:2   | Learned a level 3 spell: Mephitic Cloud
 53836 | Lair:2   | Learned a level 4 spell: Leda's Liquefaction
 54122 | Depths:1 | Entered Level 1 of the Depths
 54338 | Depths:1 | Found a runed door.
 54757 | Depths:1 | Found a gateway to Hell.
 55583 | Depths:1 | Found a one-way gate leading to the halls of Pandemonium.
 56281 | Depths:1 | Found a roughly hewn altar of Beogh.
 56789 | Depths:2 | Reached XP level 21. HP: 153/153 MP: 38/38
 56912 | Depths:2 | Noticed a caustic shrike
 56919 | Depths:2 | Killed a caustic shrike
 56919 | Depths:2 | Reached skill level 22 in Hexes
 57324 | Depths:2 | Found a one-way gate to the infinite horrors of the Abyss.
 58488 | Depths:2 | Reached skill level 5 in Conjurations
 58724 | Depths:2 | Noticed a golden dragon
 58755 | Depths:2 | Killed a golden dragon
 59200 | Depths:2 | Identified a +0 pair of boots of running (You found it on level 2 of the Depths)
 59210 | Depths:2 | Learned a level 4 spell: Throw Icicle
 59671 | Depths:2 | Reached skill level 1 in Ice Magic
 59845 | Depths:3 | Noticed Frederick
 60019 | Depths:3 | Reached skill level 10 in Armour
 60024 | Depths:3 | Noticed Sojobo
 60454 | Snake:3  | Bought a book of Battle for 720 gold pieces
 60459 | Snake:3  | Learned a level 3 spell: Spectral Weapon
 60690 | Vaults:1 | Entered Level 1 of the Vaults
 60717 | Vaults:1 | Noticed Donald
 61383 | Vaults:1 | Found a glowing golden altar of the Shining One.
 61698 | Vaults:1 | Found Bioz's Weapon Shop.
 62206 | Vaults:1 | Killed Donald
 63289 | Vaults:2 | Reached XP level 22. HP: 143/159 MP: 17/40
 64606 | Vaults:2 | Reached skill level 23 in Hexes
 65167 | Vaults:2 | Found Honos's Gadget Emporium.
 66442 | Vaults:3 | Reached skill level 15 in Spellcasting
 66494 | Vaults:3 | Learned a level 6 spell: Bolt of Cold
 66523 | Vaults:3 | Found Cazing's Food Shop.
 66550 | Vaults:3 | Got an ancient ring mail
 66672 | Vaults:3 | Identified the cursed +1 ring mail "Oroinef" {rN++ Str-3 Dex+4} (You found it on level 3 of the Vaults)
 67677 | Vaults:3 | Found a staircase to the Crypt.
 68133 | Vaults:4 | Reached skill level 5 in Ice Magic
 68781 | Vaults:4 | Reached XP level 23. HP: 171/171 MP: 30/42
 69308 | Vaults:4 | Found Rekhiel's Antique Armour Shop.
 69854 | Depths:3 | Killed Sojobo
 69959 | Depths:2 | Paralysed by a floating eye for 2 turns
 69967 | Depths:2 | Reached skill level 1 in Shields
 70257 | Depths:3 | Found a gateway to a ziggurat.
 70342 | Depths:3 | Noticed a juggernaut
 70342 | Depths:3 | Noticed a caustic shrike
 70615 | Depths:3 | Noticed Nikola
 70616 | Depths:3 | Killed Nikola
 70717 | Depths:3 | Killed a caustic shrike
 71186 | Depths:3 | Noticed a juggernaut
 71230 | Depths:3 | Killed a juggernaut
 71366 | Depths:3 | Got a jewelled great sword {freeze}
 71367 | Depths:3 | Identified the cursed +1 great sword of Growth {freeze, Str+7} (You took it off a fire giant on level 3 of the Depths)
 71841 | Depths:3 | Killed a juggernaut
 73331 | Depths:4 | Reached XP level 24. HP: 180/180 MP: 42/42
 73349 | Depths:4 | Reached skill level 1 in Long Blades
 73517 | Depths:4 | Noticed a juggernaut
 74440 | Snake:3  | Bought a book of Enchantments for 550 gold pieces
 74447 | Snake:3  | Learned a level 5 spell: Silence
 74455 | Snake:3  | Learned a level 5 spell: Yara's Violent Unravelling
 74466 | Snake:3  | Learned a level 8 spell: Discord
 75118 | Depths:3 | Killed a juggernaut
 75317 | Depths:3 | Killed Frederick
 75795 | Depths:4 | Reached skill level 15 in Short Blades
 76488 | Depths:5 | Entered Level 5 of the Depths
 76538 | Depths:5 | Found a magical portal.
 76543 | WizLab   | Entered Wucad Mu's Monastery
 77046 | WizLab   | Reached skill level 5 in Long Blades
 77046 | WizLab   | Reached XP level 25. HP: 188/188 MP: 43/43
 79015 | Depths:5 | Found a gate to the Realm of Zot.
 79821 | Depths:5 | Gained mutation: Your muscles are strong. (Str +2) [potion of beneficial mutation]
 80336 | Crypt:1  | Entered Level 1 of the Crypt
 80713 | Crypt:1  | Noticed Jory
 80736 | Crypt:1  | Killed Jory
 82844 | Crypt:2  | Reached XP level 26. HP: 197/197 MP: 43/43
 83115 | Crypt:2  | Got a twitching brass amulet
 83116 | Crypt:2  | Identified the amulet of the Fifty Curses {Reflect rPois MR+ Str-3 SH+2 Stlth+} (You found it on level 2 of the Crypt)
 83594 | Crypt:2  | Identified a +0 rod of inaccuracy (12/12) (You found it on level 1 of the Crypt)
 83644 | Crypt:3  | Entered Level 3 of the Crypt
 85452 | Crypt:3  | Found a staircase to the Tomb.
 86239 | Crypt:3  | Reached skill level 24 in Hexes
 86816 | Crypt:3  | Found a basalt altar of Yredelemnul.
 86823 | Crypt:3  | Found an ancient bone altar of Kikubaaqudgha.
 87385 | Elf:1    | Entered Level 1 of the Elven Halls
 87606 | Elf:1    | Noticed yann's ghost (adept MiBe)
 87626 | Elf:1    | Killed yann's ghost
 88054 | Elf:1    | Identified Taskaon's Guide on Summoning
 88674 | Elf:2    | Found a runed gate.
 88674 | Elf:2    | Found a runed gate.
 88674 | Elf:2    | Found a runed gate.
 88742 | Elf:2    | Reached skill level 10 in Long Blades
 89447 | Elf:2    | Reached skill level 15 in Dodging
 90607 | Elf:3    | Entered Level 3 of the Elven Halls
 91697 | Elf:3    | Reached XP level 27. HP: 204/204 MP: 42/43
 92806 | Elf:3    | Reached skill level 25 in Hexes
 93188 | Elf:3    | Got a clouded wooden ring
 93465 | Elf:3    | Identified the ring "Axemal" {+Fly rElec Dex+5 Slay+3} (You took it off a deep elf archer on level 3 of the Elven Halls)
 93473 | Elf:3    | Got a smoking jade ring
 93563 | Elf:3    | Identified the ring "Wizorgh" {Slay+3 Stlth-} (You took it off a deep elf mage on level 3 of the Elven Halls)
 93671 | Elf:3    | Identified Giczagho's Reference Book on the Earthen Escort
 93769 | Elf:3    | Got a fine scale mail
 93822 | Elf:3    | Got a distressingly furry scale mail
 93823 | Elf:3    | Identified the +3 scale mail of Wasted Space {rElec rF++ rCorr} (You took it off a deep elf high priest on level 3 of the Elven Halls)
 93824 | Elf:3    | Identified the cursed +1 scale mail "Pasapsiv" {MR++ rCorr Str+4} (You found it on level 3 of the Elven Halls)
 93846 | Elf:3    | Gained mutation: You are partially covered in large bone plates. (SH +4) [potion of beneficial mutation]
 94149 | Slime:1  | Entered Level 1 of the Pits of Slime
 96132 | Slime:5  | Entered Level 5 of the Pits of Slime
 96472 | Slime:5  | Gained mutation: Your magical capacity is low. (-10% MP) [a shining eye]
 96696 | Slime:5  | Found a viscous altar of Jiyva.
 96809 | Slime:5  | Noticed the Royal Jelly
 98287 | Slime:3  | HP: 5/206 [azure jelly[the Royal Jelly] (6)]
 99779 | Vaults:5 | Entered Level 5 of the Vaults
 99802 | Vaults:5 | Reached skill level 15 in Fighting
 99996 | Vaults:5 | Killed from afar by a war gargoyle

Skill      XL: |  1  2  3  4  5  6  7  8  9 10 11 12 13 14 15 16 17 18 19 20 21 22 23 24 25 26 27 |
---------------+----------------------------------------------------------------------------------+-----
Hexes          | 5 6 7 10 12 13 14 15 17 18 20 21 22 23 24 25 | 25.6
Stealth        | 5 6 7 8 9 11 12 13 14 15 17 19 20 21 22 | 22.7
Short Blades   | 2 3 4 6 7 8 9 10 12 13 14 15 | 15.4
Spellcasting   | 3 4 5 6 7 8 10 11 12 13 14 15 16 | 16.7
Invocations    | 1 3 5 8 10 12 13 | 13.1
Armour         | 1 3 5 7 8 11 12 13 | 13.0
Dodging        | 5 8 10 12 13 15 16 | 16.6
Fighting       | 4 9 10 11 12 13 14 15 | 15.0
Conjurations   | 2 4 6 8 9 |  9.5
Translocations | 2 |  2.5
Ice Magic      | 3 5 8 |  8.4
Shields        | 4 |  4.0
Long Blades    | 5 6 11 | 11.0

Action                   |  1- 3 |  4- 6 |  7- 9 | 10-12 | 13-15 | 16-18 | 19-21 | 22-24 | 25-27 || total
-------------------------+-------+-------+-------+-------+-------+-------+-------+-------+-------++-------
Melee: Dagger            |   131 |   142 |   227 |   742 |  1006 |  1589 |  1609 |  1668 |       ||  7114
       Bite              |    10 |    11 |    16 |    57 |   118 |   257 |   283 |   453 |   477 ||  1682
       Long sword        |       |       |       |       |       |       |    48 |    20 |       ||    68
       Falchion          |       |       |       |       |       |       |       |   151 |   204 ||   355
       Rapier            |       |       |       |       |       |       |       |   235 |  1193 ||  1428
       Double sword      |       |       |       |       |       |       |       |       |    10 ||    10
       Demon blade       |       |       |       |       |       |       |       |       |   866 ||   866
       Staff             |       |       |       |       |       |       |       |       |    13 ||    13
 Cast: Corona            |     5 |       |       |       |       |       |       |       |       ||     5
       Ensorcelled Hiber |    12 |    34 |    58 |   214 |   196 |   169 |   271 |     8 |       ||   962
       Confuse           |       |     4 |    33 |    72 |    86 |   277 |   434 |   341 |   382 ||  1629
       Fulminant Prism   |       |       |       |     2 |     1 |    21 |   110 |    24 |    32 ||   190
       Invisibility      |       |       |       |     1 |     7 |       |     5 |       |     1 ||    14
       Summon Guardian G |       |       |       |     1 |     3 |     6 |    28 |     7 |       ||    45
       Repel Missiles    |       |       |       |     1 |     2 |     1 |     5 |     1 |       ||    10
       Tukima's Dance    |       |       |       |       |       |       |     8 |       |     6 ||    14
       Apportation       |       |       |       |       |       |       |     2 |       |       ||     2
       Blink             |       |       |       |       |       |       |    11 |       |     3 ||    14
       Spectral Weapon   |       |       |       |       |       |       |     3 |    20 |    30 ||    53
       Mephitic Cloud    |       |       |       |       |       |       |     1 |     1 |       ||     2
       Leda's Liquefacti |       |       |       |       |       |       |     1 |       |       ||     1
       Throw Icicle      |       |       |       |       |       |       |       |     7 |       ||     7
       Discord           |       |       |       |       |       |       |       |       |     6 ||     6
       Silence           |       |       |       |       |       |       |       |       |     4 ||     4
       Yara's Violent Un |       |       |       |       |       |       |       |       |     1 ||     1
Invok: Shadow Step       |       |       |       |       |       |       |       |       |    27 ||    27
       Shadow Form       |       |       |       |       |       |       |       |       |     1 ||     1
 Abil: End Transformatio |       |       |     1 |     2 |     1 |     3 |     1 |     2 |     1 ||    11
       Bat Form          |       |       |     1 |     2 |     1 |     3 |     1 |     2 |       ||    10
Evoke: Wand              |       |       |       |       |       |     5 |     2 |       |     2 ||     9
  Use: Potion            |     1 |     5 |    10 |    18 |     8 |    21 |    17 |    15 |    60 ||   155
       Scroll            |       |       |       |    28 |     5 |     7 |    16 |    16 |    19 ||    91
 Stab: Sleeping          |    12 |    31 |    67 |   187 |   150 |   167 |   245 |    87 |   130 ||  1076
       Distracted        |       |     1 |     1 |     6 |     6 |     7 |    18 |    32 |    30 ||   101
       Confused          |       |     3 |    19 |    44 |    60 |   148 |   278 |   280 |   219 ||  1051
       Invisible         |       |       |       |       |    31 |       |     8 |       |     9 ||    48
       Petrified         |       |       |       |       |     3 |       |       |       |       ||     3
Armor: Robe              |    36 |    40 |    29 |    11 |       |       |       |       |       ||   116
       Ring mail         |       |       |       |   162 |   231 |   263 |   293 |   222 |    84 ||  1255
       Fire dragon scale |       |       |       |       |       |       |       |       |   252 ||   252
       Scale mail        |       |       |       |       |       |       |       |       |    84 ||    84
Dodge: Dodged            |    80 |    91 |   102 |   289 |   499 |   926 |  1283 |   933 |  1191 ||  5394
       Deflected         |       |       |       |       |     7 |     3 |    11 |     1 |       ||    22
Block: Other             |       |       |       |       |       |    74 |   111 |    49 |       ||   234
       Reflection        |       |       |       |       |       |     7 |    16 |     7 |       ||    30
       Buckler           |       |       |       |       |       |       |       |    96 |   586 ||   682
       Rpst.: Long sword |       |       |       |       |       |       |    41 |     3 |       ||    44
       Falchion          |       |       |       |       |       |       |       |    11 |    41 ||    52
       Double sword      |       |       |       |       |       |       |       |       |     2 ||     2
       Demon blade       |       |       |       |       |       |       |       |       |   116 ||   116
